 Dungeon Crawl Stone Soup version 0.27-a0-1497-gf8f22f7954 (webtiles) character file.

Game seed: 572365024697994110

0 Lekart the Skirmisher (level 1, -17/19 HPs)
             Began as a Draconian Chaos Knight on July 7, 2021.
             Was a Plaything of Xom.
             Demolished by a snapping turtle (glowing shapeshifter) (27 damage)
             ... on level 1 of the Dungeon.
             The game lasted 00:00:12 (44 turns).

Lekart the Skirmisher (Draconian Chaos Knight)        Turns: 44, Time: 00:00:13

Health: -17/19     AC:  4    Str: 14    XL:     1   Next: 8%
Magic:  1/1        EV: 12    Int: 12    God:    Xom [..*...]
Gold:   0          SH:  0    Dex: 10    Spells: 0/0 levels left

rFire    . . .     SeeInvis .   a - +0 falchion (chaos)
rCold    . . .     Faith    .   (no shield)
rNeg     . . .     Spirit   .   (armour unavailable)
rPois    .         Reflect  .   (helmet restricted)
rElec    .         Harm     .   (no cloak)
rCorr    .         Rampage  .   (no gloves)
Will     .....                  (no boots)
Stlth    +.........             (no amulet)
HPRegen  0.06/turn              (no ring)
MPRegen  0.07/turn              (no ring)

@: mighty
A: AC +4, unfitting armour, cold-blooded
a: Renounce Religion


You were on level 1 of the Dungeon.
You worshipped Xom.
You were a toy of Xom.
You visited 1 branch of the dungeon, and saw 1 of its levels.

Inventory:

Hand Weapons
 a - a +0 falchion of chaos (weapon)


   Skills:
 + Level 3.3 Fighting
 + Level 3.0 Long Blades
 + Level 2.1 Dodging


You couldn't memorise any spells.
You didn't know any spells.
Your spell library was empty.

Dungeon Overview and Level Annotations

Branches:
Dungeon (1/15)

Altars:


Innate Abilities, Weirdness & Mutations

Your plain brown scales are hard. (AC +4)
You cannot fit into any form of body armour.
You are cold-blooded and may be slowed by cold attacks.


Message History

The rat bites you but does no damage.
A rat is nearby!
A rat is nearby!
You hit the rat but do no damage. The rat closely misses you.
A rat is nearby!
You barely miss the rat. The rat closely misses you.
A rat is nearby!
You hit the rat.
The rat changes into a glowing shapeshifter!
Xom thinks this is hilarious!
The glowing shapeshifter is heavily wounded.
The glowing shapeshifter changes into a wolf spider!
A wolf spider is nearby!
You hit the wolf spider.
The wolf spider is lightly wounded.
The wolf spider hits you. The wolf spider bites you.
A wolf spider is nearby!
You barely miss the wolf spider.
The wolf spider is lightly wounded.
Xom grants you a minor favour.
You feel very mighty all of a sudden. The wolf spider hits you.
The wolf spider barely misses you. The wolf spider closely misses you.
You riposte.
You completely miss the wolf spider.
The wolf spider is lightly wounded.
The wolf spider completely misses you.
You slash the wolf spider! You burn the wolf spider.
You tail-slap the wolf spider, but do no damage.
The wolf spider is moderately wounded.
The wolf spider changes into a snapping turtle!
You slash the snapping turtle!
The snapping turtle is moving more slowly.
The snapping turtle is moderately wounded.
You hit the snapping turtle.
You tail-slap the snapping turtle, but do no damage.
The snapping turtle is moderately wounded.
The snapping turtle bites you!!
Ouch! That really hurt!
You die...
Xom cackles wildly!

.......[..
........#
.......+ .
#......##..
#..........
#..........
..####.)t......
.......@.......
..#####'#####..
####.####
#.......###
#...........##
#....#####....##
...#########...#
..##.......##..##
. #..≈≈.≈≈..#...#


You could see a snapping turtle shaped shifter (petrifying).

Vanquished Creatures
  A kobold (D:1)
1 creature vanquished.

Notes
Turn   | Place    | Note
-------+----------+-------------------------------------------
     0 | D:1      | Lekart the Draconian Chaos Knight began the quest for the
                  | Orb.
     0 | D:1      | Reached XP level 1. HP: 19/19 MP: 1/1
    39 | D:1      | Noticed a glowing shapeshifter
    39 | D:1      | a rat changed into a glowing shapeshifter
    39 | D:1      | Noticed a wolf spider
    39 | D:1      | a glowing shapeshifter changed into a wolf spider
    41 | D:1      | XOM: potion effect (might)
    42 | D:1      | Noticed a snapping turtle
    42 | D:1      | a wolf spider changed into a snapping turtle
    44 | D:1      | Demolished by a snapping turtle (glowing shapeshifter)

Illustrated notes

Levels and vault maps discovered:
D:1:      dpeg_arrival_concentric_ovals, layout_basic,
          ebering_ecumenical_altar_ruins

Action                   || total
-------------------------++-------
Melee: Falchion          ||    11
       Tailslap          ||     2
Armor: Skin              ||     2
Dodge: Dodged            ||     7
       Rpst.: Falchion   ||     2

Table legend: (Time is in decaauts)
 A = Elapsed time spent in this place.
 B = Non-inter-level travel time spent in this place.
 C = Inter-level travel time spent in this place.
 D = Time resting spent in this place.
 E = Time spent auto-exploring this place.
 F = Levels seen in this place.
 G = Mean time per level.
                   A        B        C        D        E       F      G
               +--------+--------+--------+--------+--------+-----+--------+
         Total |     45 |     45 |      0 |      0 |     31 |   1 |   45.0 |
       Dungeon |     45 |     45 |      0 |      0 |     31 |   1 |   45.0 |
               +--------+--------+--------+--------+--------+-----+--------+

Top non-repeatable levels by time:
     D:1: 45 daAuts
